TOP OF THE 1ST |
San Antonio BC batting - Pitching for Northville Eclipse : RHP Luis Villabos
|
Pitching: RHP Luis Villabos
|
|
Batting: LHB Juan Medina
|
0-0: Ball 1-0: Fly out, F9 (Flyball, 89S)
|
Batting: SHB Scotty Vallee
|
0-0: Ball 1-0: Swinging Strike 1-1: Fly out, F7 (Line Drive, 78M)
|
Batting: RHB Abraham Phelps
|
0-0: Ball 1-0: Fly out, F9 (Flyball, 9S)
|
Top of the 1st over - 0 runs, 0 hits, 0 errors, 0 left on base; San Antonio 0 - Northville 0 |
BOTTOM OF THE 1ST |
Northville Eclipse batting - Pitching for San Antonio BC : RHP Ángel Pérez
|
Pitching: RHP Ángel Pérez
|
|
Batting: LHB Darrell Woodmansee
|
0-0: Ball 1-0: Ball 2-0: Ball 3-0: Called Strike 3-1: Called Strike 3-2: Strikes out swinging
|
Batting: LHB Octávio Ontiveros
|
0-0: Foul Ball, location: 2F 0-1: Ball 1-1: Ball 2-1: Ground out 6-3 (Groundball, 6)
|
Batting: RHB Cosmo Bjorkenheim
|
0-0: Called Strike 0-1: Ball 1-1: Called Strike 1-2: Fly out, F5 (Line Drive, 5)
|
Bottom of the 1st over - 0 runs, 0 hits, 0 errors, 0 left on base; San Antonio 0 - Northville 0 |
TOP OF THE 2ND |
San Antonio BC batting - Pitching for Northville Eclipse : RHP Luis Villabos
|
Batting: LHB Earl Wiley
|
0-0: Ball 1-0: Ball 2-0: Called Strike 2-1: Foul Ball, location: 2F 2-2: Strikes out looking
|
Batting: RHB Phil Dougherty
|
0-0: Swinging Strike 0-1: Ball 1-1: Ball 2-1: Foul Ball, location: 2F 2-2: Fly out, F9 (Flyball, 9)
|
Batting: RHB Ken Gardner
|
0-0: Ball 1-0: Ball 2-0: Fly out, F9 (Flyball, 9)
|
Top of the 2nd over - 0 runs, 0 hits, 0 errors, 0 left on base; San Antonio 0 - Northville 0 |
BOTTOM OF THE 2ND |
Northville Eclipse batting - Pitching for San Antonio BC : RHP Ángel Pérez
|
Batting: LHB Edgardo De Jesús
|
0-0: Called Strike 0-1: Foul Ball, location: 2F 0-2: Ball 1-2: Ball 2-2: Ball 3-2: SINGLE (Line Drive, 89S)
|
Batting: RHB Augusto Rocha
|
0-0: Called Strike 0-1: Ball 1-1: Foul Ball, location: 2F 1-2: Ball 2-2: Ball 3-2: Foul Ball, location: 2F Error on foul ball, E3 3-2: SINGLE (Groundball, 6MD) Edgardo De Jesús to second Edgardo De Jesús to third
|
Batting: RHB Alfonso Grappasonni
|
0-0: Ball 1-0: Fly out, F9 (Line Drive, 9) Runner from 3rd tags up, OUT at HOME Augusto Rocha to second
|
Batting: RHB Luis Guerrero
|
0-0: Ball 1-0: Ball 2-0: Ball 3-0: Called Strike 3-1: Fly out, F3 (Popup, 3F)
|
Bottom of the 2nd over - 0 runs, 2 hits, 1 error, 1 left on base; San Antonio 0 - Northville 0 |
TOP OF THE 3RD |
San Antonio BC batting - Pitching for Northville Eclipse : RHP Luis Villabos
|
Batting: SHB Anastasio Delgadilo
|
0-0: Ball 1-0: Foul Ball, location: 2F 1-1: Swinging Strike 1-2: Strikes out swinging
|
Batting: RHB Franklin Gestel
|
0-0: Ball 1-0: Ball 2-0: Ball 3-0: Swinging Strike 3-1: DOUBLE (Line Drive, 8LD)
|
Batting: RHB Kieran Turnbull
|
0-0: Called Strike 0-1: Ball 1-1: Ball 2-1: Foul Ball, location: 2F 2-2: Strikes out swinging
|
Batting: LHB Juan Medina
|
0-0: Called Strike 0-1: Ball 1-1: Ground out 5-3 (Groundball, 56S)
|
Top of the 3rd over - 0 runs, 1 hit, 0 errors, 1 left on base; San Antonio 0 - Northville 0 |
BOTTOM OF THE 3RD |
Northville Eclipse batting - Pitching for San Antonio BC : RHP Ángel Pérez
|
Batting: RHB Scott McMahon
|
0-0: Called Strike 0-1: Ball 1-1: Ground out 6-3 (Groundball, 6)
|
Batting: RHB Juan León
|
0-0: Called Strike 0-1: Ball 1-1: Called Strike 1-2: SINGLE (Line Drive, 7S)
|
Batting: LHB Darrell Woodmansee
|
0-0: Ball 1-0: Called Strike 1-1: Swinging Strike 1-2: Ball 2-2: Foul Ball, location: 2F 2-2: Ball 3-2: Strikes out swinging
|
Batting: LHB Octávio Ontiveros
|
0-0: Ball 1-0: Foul Ball, location: 2F 1-1: Swinging Strike 1-2: Ball 2-2: Ball 3-2: Base on Balls Juan León to second
|
Batting: RHB Cosmo Bjorkenheim
|
0-0: Fielders Choice at 2nd, 6-4 (Groundball, 6)
|
Bottom of the 3rd over - 0 runs, 1 hit, 0 errors, 2 left on base; San Antonio 0 - Northville 0 |
TOP OF THE 4TH |
San Antonio BC batting - Pitching for Northville Eclipse : RHP Luis Villabos
|
Batting: SHB Scotty Vallee
|
0-0: Ball 1-0: Ball 2-0: Swinging Strike 2-1: Called Strike 2-2: Ball 3-2: Foul Ball, location: 2F 3-2: Base on Balls
|
Batting: RHB Abraham Phelps
|
0-0: Called Strike 0-1: Ball 1-1: Swinging Strike 1-2: Ball 2-2: Strikes out swinging
|
Batting: LHB Earl Wiley
|
0-0: Ball 1-0: Ball 2-0: Ball 3-0: Base on Balls Scotty Vallee to second
|
Batting: RHB Phil Dougherty
|
0-0: Called Strike 0-1: Ball 1-1: Ball 2-1: Grounds into double play, 6-4-3 (Groundball, 6)
|
Top of the 4th over - 0 runs, 0 hits, 0 errors, 1 left on base; San Antonio 0 - Northville 0 |
BOTTOM OF THE 4TH |
Northville Eclipse batting - Pitching for San Antonio BC : RHP Ángel Pérez
|
Batting: LHB Edgardo De Jesús
|
0-0: Ball 1-0: Foul Ball, location: 2F 1-1: Foul Ball, location: 2F 1-2: Ball 2-2: Foul Ball, location: 2F 2-2: Ball 3-2: Ground out 6-3 (Groundball, 6)
|
Batting: RHB Augusto Rocha
|
0-0: Ball 1-0: Ball 2-0: Foul Ball, location: 2F 2-1: Fly out, F6 (Popup, 56)
|
Batting: RHB Alfonso Grappasonni
|
0-0: Ball 1-0: Called Strike 1-1: Ball 2-1: Ball 3-1: Base on Balls
|
Batting: RHB Luis Guerrero
|
0-0: Fly out, F8 (Flyball, 8LD)
|
Bottom of the 4th over - 0 runs, 0 hits, 0 errors, 1 left on base; San Antonio 0 - Northville 0 |
TOP OF THE 5TH |
San Antonio BC batting - Pitching for Northville Eclipse : RHP Luis Villabos
|
Batting: RHB Ken Gardner
|
0-0: Foul Ball, location: 2F 0-1: Swinging Strike 0-2: Foul Ball, location: 2F 0-2: Ball 1-2: Fly out, F9 (Line Drive, 89S)
|
Batting: SHB Anastasio Delgadilo
|
0-0: Ball 1-0: Called Strike 1-1: Called Strike 1-2: Strikes out swinging
|
Batting: RHB Franklin Gestel
|
0-0: Ball 1-0: Called Strike 1-1: Foul Ball, location: 2F 1-2: Strikes out swinging, 2-3 out at first.
|
Top of the 5th over - 0 runs, 0 hits, 0 errors, 0 left on base; San Antonio 0 - Northville 0 |
BOTTOM OF THE 5TH |
Northville Eclipse batting - Pitching for San Antonio BC : RHP Ángel Pérez
|
Batting: RHB Scott McMahon
|
0-0: Ball 1-0: SINGLE (Groundball, 13) (infield hit)
|
Batting: RHB Juan León
|
0-0: Called Strike Scott McMahon steals 2nd base 0-1: Bunted foul 0-2: Ball 1-2: Ball 2-2: Ball 3-2: Ground out 6-3 (Groundball, 6M) Scott McMahon to third
|
Batting: LHB Darrell Woodmansee
|
0-0: Intentional Walk
|
Batting: LHB Octávio Ontiveros
|
0-0: Called Strike 0-1: Fly out, F8 (Flyball, 8LD) Runner from 3rd tags up, SCORES, throw made
|
Batting: RHB Cosmo Bjorkenheim
|
0-0: Called Strike 0-1: Ball 1-1: Fly out, F7 (Flyball, 7S)
|
Bottom of the 5th over - 1 run, 1 hit, 0 errors, 1 left on base; San Antonio 0 - Northville 1 |
TOP OF THE 6TH |
San Antonio BC batting - Pitching for Northville Eclipse : RHP Luis Villabos
|
Batting: RHB Kieran Turnbull
|
0-0: Called Strike 0-1: Ball 1-1: Fly out, F7 (Line Drive, 7)
|
Batting: LHB Juan Medina
|
0-0: Ball 1-0: Ball 2-0: Ball 3-0: Base on Balls
|
Batting: SHB Scotty Vallee
|
0-0: Called Strike 0-1: Ball 1-1: Fly out, F6 (Line Drive, 6M)
|
Batting: RHB Abraham Phelps
|
0-0: Ball 1-0: Called Strike 1-1: Ball 2-1: Foul Ball, location: 2F 2-2: Strikes out swinging
|
Top of the 6th over - 0 runs, 0 hits, 0 errors, 1 left on base; San Antonio 0 - Northville 1 |
BOTTOM OF THE 6TH |
Northville Eclipse batting - Pitching for San Antonio BC : RHP Ángel Pérez
|
Batting: LHB Edgardo De Jesús
|
0-0: Ground out 4-3 (Groundball, 4S)
|
Batting: RHB Augusto Rocha
|
0-0: Foul Ball, location: 2F 0-1: Ball 1-1: Swinging Strike 1-2: Ground out 4-3 (Groundball, 4S)
|
Batting: RHB Alfonso Grappasonni
|
0-0: Called Strike 0-1: Foul Ball, location: 2F 0-2: Ball 1-2: Ball 2-2: Fly out, F9 (Flyball, 89M)
|
Bottom of the 6th over - 0 runs, 0 hits, 0 errors, 0 left on base; San Antonio 0 - Northville 1 |
TOP OF THE 7TH |
San Antonio BC batting - Pitching for Northville Eclipse : RHP Luis Villabos
|
Batting: LHB Earl Wiley
|
0-0: Ball 1-0: Ball 2-0: Foul Ball, location: 2F 2-1: Ball 3-1: Fly out, F7 (Flyball, 78D)
|
Batting: RHB Phil Dougherty
|
0-0: Ball 1-0: Called Strike 1-1: Called Strike 1-2: Strikes out swinging
|
Batting: RHB Ken Gardner
|
0-0: Ball 1-0: Ball 2-0: Called Strike 2-1: Swinging Strike 2-2: Ball 3-2: Strikes out swinging wild pitch, reaches first!
|
Batting: SHB Anastasio Delgadilo
|
0-0: Ball 1-0: Called Strike 1-1: Ball 2-1: Fly out, F3 (Popup, 3SF)
|
Top of the 7th over - 0 runs, 0 hits, 0 errors, 1 left on base; San Antonio 0 - Northville 1 |
BOTTOM OF THE 7TH |
Northville Eclipse batting - Pitching for San Antonio BC : RHP Ángel Pérez
|
Batting: RHB Luis Guerrero
|
0-0: Ball 1-0: Called Strike 1-1: Foul Ball, location: 2F 1-2: Ground out U3 (Groundball, 3L)
|
Batting: RHB Scott McMahon
|
0-0: Ball 1-0: Fly out, F9 (Line Drive, 9)
|
Batting: RHB Juan León
|
0-0: Ground out 4-3 (Groundball, 4)
|
Bottom of the 7th over - 0 runs, 0 hits, 0 errors, 0 left on base; San Antonio 0 - Northville 1 |
TOP OF THE 8TH |
San Antonio BC batting - Pitching for Northville Eclipse : RHP Luis Villabos
|
Batting: RHB Franklin Gestel
|
0-0: Called Strike 0-1: Ball 1-1: Ball 2-1: Ball 3-1: Base on Balls
|
Pitching: RHP Cisco Andr
|
|
Pinch Hitting: LHB Lee Hart
|
0-0: SINGLE (Flyball, 8LS) Franklin Gestel to second
|
Batting: LHB Juan Medina
|
0-0: Ball 1-0: Bunt missed! 1-1: Sac Bunt - play at third, runner OUT! 5-6 Lee Hart to second
|
Batting: SHB Scotty Vallee
|
0-0: Ball 1-0: Fly out, F8 (Flyball, 8RD)
|
Batting: RHB Abraham Phelps
|
0-0: Swinging Strike 0-1: Called Strike 0-2: Ball 1-2: Ball 2-2: Ground out 4-3 (Groundball, 34)
|
Top of the 8th over - 0 runs, 1 hit, 0 errors, 2 left on base; San Antonio 0 - Northville 1 |
BOTTOM OF THE 8TH |
Northville Eclipse batting - Pitching for San Antonio BC : RHP Ángel Pérez
|
Pitching: RHP Pepe Delgado
|
|
Now in RF: Lee Hart
|
|
Batting: LHB Darrell Woodmansee
|
0-0: Called Strike 0-1: Foul Ball, location: 2F 0-2: Ball 1-2: Ground out 4-3 (Groundball, 4)
|
Batting: LHB Octávio Ontiveros
|
0-0: Called Strike 0-1: Ground out 6-3 (Groundball, 6)
|
Batting: RHB Cosmo Bjorkenheim
|
0-0: Ball 1-0: Called Strike 1-1: Ball 2-1: Ball 3-1: Base on Balls
|
Batting: LHB Edgardo De Jesús
|
0-0: Called Strike 0-1: Foul Ball, location: 2F 0-2: Ball 1-2: Strikes out swinging
|
Bottom of the 8th over - 0 runs, 0 hits, 0 errors, 1 left on base; San Antonio 0 - Northville 1 |
TOP OF THE 9TH |
San Antonio BC batting - Pitching for Northville Eclipse : RHP Cisco Andr
|
Pitching: RHP Javier Luna
|
|
Batting: LHB Earl Wiley
|
0-0: Ball 1-0: Ball 2-0: Foul Ball, location: 2F 2-1: Ball 3-1: Base on Balls
|
Batting: RHB Phil Dougherty
|
0-0: Ball 1-0: Ground out 4-3 (Groundball, 34S) Earl Wiley to second
|
Batting: RHB Ken Gardner
|
0-0: Swinging Strike 0-1: Reached on error, E3 (Groundball, 34) Earl Wiley to third
|
Batting: SHB Anastasio Delgadilo
|
0-0: Ball 1-0: Called Strike 1-1: Ball Balk! Earl Wiley scores Ken Gardner to second 2-1: Intentional Walk
|
Pinch Hitting: RHB Alba Hidalgo de Jesus
|
0-0: Ball 1-0: Ball 2-0: Swinging Strike 2-1: Called Strike 2-2: Ball 3-2: Fielders Choice at 2nd, 1-6 (Groundball, 13) Ken Gardner to third
|
Batting: LHB Lee Hart
|
0-0: Ball 1-0: Called Strike 1-1: Foul Ball, location: 2F 1-2: Ground out 4-3 (Groundball, 34)
|
Top of the 9th over - 1 run, 0 hits, 1 error, 2 left on base; San Antonio 1 - Northville 1 |
BOTTOM OF THE 9TH |
Northville Eclipse batting - Pitching for San Antonio BC : RHP Pepe Delgado
|
Now at 3B: Louis Litt
|
|
Batting: RHB Augusto Rocha
|
0-0: Ball 1-0: Ball 2-0: Ball 3-0: Base on Balls
|
Batting: RHB Alfonso Grappasonni
|
0-0: Ball 1-0: Sac Bunt - play at first, batter OUT! U3 Augusto Rocha to second
|
Batting: RHB Luis Guerrero
|
0-0: Intentional Walk
|
Pinch Hitting: LHB Carlos Garza
|
0-0: Ball 1-0: Called Strike 1-1: Ball 2-1: Foul Ball, location: 2F 2-2: Strikes out swinging
|
Batting: RHB Juan León
|
0-0: Foul Ball, location: 2F 0-1: Foul Ball, location: 2F 0-2: Ball 1-2: Strikes out swinging
|
Bottom of the 9th over - 0 runs, 0 hits, 0 errors, 2 left on base; San Antonio 1 - Northville 1 |
TOP OF THE 10TH |
San Antonio BC batting - Pitching for Northville Eclipse : RHP Javier Luna
|
Now at 2B: Dave Shaw
|
|
Batting: LHB Juan Medina
|
0-0: Ball 1-0: Ball 2-0: Ball 3-0: Called Strike 3-1: Foul Ball, location: 2F 3-2: Base on Balls
|
Batting: SHB Scotty Vallee
|
0-0: Sac Bunt - play at second, runner OUT! 3-6
|
Pinch Runner at 1st Manny Álvarez:
|
|
Batting: RHB Abraham Phelps
|
0-0: Ball 1-0: 2-RUN HOME RUN (Flyball, 9D), Distance : 390 ft
|
Batting: LHB Earl Wiley
|
0-0: Foul Ball, location: 2F 0-1: Called Strike 0-2: Ball 1-2: Foul Ball, location: 2F 1-2: Foul Ball, location: 2F 1-2: Ground out 4-3 (Groundball, 34)
|
Batting: RHB Phil Dougherty
|
0-0: Ball 1-0: Ball 2-0: Fly out, F9 (Flyball, 9LS)
|
Top of the 10th over - 2 runs, 1 hit, 0 errors, 0 left on base; San Antonio 3 - Northville 1 |
|